 Dungeon Crawl Stone Soup version 0.31-a0-981-geadf994542 (webtiles) character file.

Game seed: 17072603998466585205

2828 FIREandBLOOD the Carver (level 9, -3/68 HPs)
             Began as a Barachi Fighter on Oct 31, 2023.
             Was a Believer of Vehumet.
             Slain by an ice beast (12 damage)
             ... on level 7 of the Dungeon on Nov 2, 2023.
             The game lasted 01:00:56 (8121 turns).

FIREandBLOOD the Carver (Barachi Fighter)           Turns: 8121, Time: 01:00:57

Health: -3/68      AC:  8    Str: 18    XL:     9   Next: 73%
Magic:  15/15      EV: 10    Int: 13    God:    Vehumet [**....]
Gold:   303        SH:  4    Dex: 11    Spells: 15/16 levels left

rFire   . . .        a - +1 long sword
rCold   . . .        c - +0 buckler
rNeg    . . .        b - +0 scale mail
rPois   +            (no helmet)
rElec   .            (no cloak)
rCorr   .            s - +0 pair of gloves
SInv    .            (no boots)
Will    .....        (no amulet) Stlth
                     p - ring of poison resistance
HPRegen 0.31/turn    y - ring of wizardry
MPRegen 0.14/turn

%: wizardry (x1)
@: slow
A: amphibious, slowness 1, strong legs 1, +LOS
a: Hop, Renounce Religion


You were on level 7 of the Dungeon.
You worshipped Vehumet.
Vehumet was pleased with you.
You visited 2 branches of the dungeon, and saw 8 of its levels.

You collected 327 gold pieces.
You spent 24 gold pieces at shops.

Inventory:

Hand Weapons
 a - a +1 long sword (weapon)
Armour
 b - a +0 scale mail (worn)
 c - a +0 buckler (worn)
 l - an orb of mayhem
 s - a +0 pair of gloves (worn)
 t - the +3 leather armour of the Skies Above {-Tele rF+ Stlth+}
   (You found it on level 3 of the Dungeon)

   rF+:       It protects you from fire.
   -Tele:     It prevents most forms of teleportation.
   Stlth+:    It makes you more stealthy.
Jewellery
 f - a ring of fire
 p - a ring of poison resistance (left hand)
 y - a ring of wizardry (right hand)
Wands
 r - a wand of light (7)
Scrolls
 h - a scroll of vulnerability {unknown}
 i - a scroll of enchant weapon
 v - 2 scrolls of identify
 A - a scroll of fog
 C - a scroll of immolation {unknown}
 D - a scroll of amnesia
Potions
 d - a potion of might
 e - 3 potions of degeneration {unknown}
 g - a potion of berserk rage {unknown}
 j - 3 potions of lignification
 k - 2 potions of curing
 m - 2 potions of cancellation
 n - a potion of ambrosia {unknown}
 o - a potion of mutation {unknown}
 q - a potion of brilliance {unknown}
 u - a potion of magic {unknown}
 w - a potion of resistance {unknown}
 x - a potion of heal wounds {unknown}
 z - a potion of invisibility {unknown}
 B - a potion of attraction {unknown}


   Skills:
 - Level 5.0 Fighting
 + Level 10.5 Long Blades
 - Level 5.0 Armour
 + Level 4.8 Dodging
 - Level 4.0 Shields
 - Level 4.2 Spellcasting
 - Level 4.0 Ice Magic
 - Level 5.0 Evocations


You had 15 spell levels left.
You knew the following spells:

 Your Spells              Type           Power      Damage    Failure   Level
a - Freeze                Ice            52%        1d6       6%          1

Your spell library contained the following spells:

 Spells                   Type           Power      Damage    Failure   Level
 Poisonous Vapours        Pois/Air       4%         N/A       41%         2
 Foxfire                  Conj/Fire      8%         2x1d4     30%         1
 Shock                    Conj/Air       8%         1d3       30%         1
 Swiftness                Air            2%         N/A       65%         3
 Airstrike                Air            1%         2d(1-17)  95%         4
 Anguish                  Hex/Necr       1%         N/A       95%         4
 Cause Fear               Hex            1%         N/A       95%         4
 Plasma Beam              Fire/Air       1%         2x1d11    100%        6
 Starburst                Conj/Fire      1%         6d3       100%        6
 Enfeeble                 Hex            1%         N/A       100%        7


Dungeon Overview and Level Annotations

Branches:
Dungeon (7/15)             Temple (1/1) D:4

Altars:
Ashenzari
Cheibriados
Dithmenos
Elyvilon
Fedhas
Gozag
Hepliaklqana
Makhleb
Nemelex Xobeh
Okawaru
Qazlal
Ru
Sif Muna
Trog
Uskayaw
Vehumet
Wu Jian
Xom
Yredelemnul
Zin
The Shining One

Shops:
D:1 *   D:3 :   D:7 :


Innate Abilities, Weirdness & Mutations

You are amphibious.
You cover ground slowly.
You can hop short distances.
You have an extended range of vision and can be seen from far away.


Message History

The sky beast is almost dead.
The sky beast hits you but does no damage.
You hit the sky beast.
You kill the sky beast!
Vehumet accepts your kill.
You barely miss the ice beast.
The ice beast is lightly wounded.
The ice beast hits you but does no damage.
You completely miss the ice beast.
The ice beast is lightly wounded.
The ice beast barely misses you.
You slash the ice beast!
The ice beast is heavily wounded.
The ice beast hits you but does no damage.
You hit the ice beast.
The ice beast is heavily wounded.
You block the ice beast's attack.
You hit the ice beast.
The ice beast is heavily wounded.
The ice beast closely misses you.
You closely miss the ice beast.
The ice beast is heavily wounded.
You barely miss the ice beast.
The ice beast is heavily wounded.
The ice beast hits you.
* * * LOW HITPOINT WARNING * * *
The ice beast freezes you.
* * * LOW HITPOINT WARNING * * *
You barely miss the ice beast.
The ice beast is heavily wounded.
You block the ice beast's attack.
You hit the ice beast.
The ice beast is severely wounded.
The ice beast hits you but does no damage.
You hit the ice beast.
The ice beast is almost dead.
The ice beast hits you.
* * * LOW HITPOINT WARNING * * *
The ice beast freezes you!
You die...

.. .##..........#### #
#. .# .#.........)..
#.##.#.##.#5##########[
.........#.# #.
...####..##.##.# #.
........)...##.# ##.
#######5##.##.# #..
####Y##.##.# ##.
#....@.....# #.
#.......#### #.
.....###.### #. .....
#.# #. #.### #.# #. #
#.# #. ... #. ... #.
... #.


You could see an ice beast and a white imp.

Vanquished Creatures
  4 water moccasins
  An ice beast (D:5)
  2 sky beasts
  A black bear (D:4)
  4 ogres
  2 centaurs
  A bullfrog (D:7)
  7 scorpions
  A killer bee (D:7)
  6 jellies
  4 orc priests
  4 hounds
  4 iguanas
  A sleepcap (D:5)
  7 orc wizards
  9 adders
  11 gnolls
  A worm (D:3)
  4 dart slugs
  26 orcs
  13 endoplasms
  3 giant cockroaches
  5 goblins
  8 hobgoblins
  8 kobolds
  4 quokkas
  7 ball pythons
  3 bats
  A frilled lizard (D:3)
  3 rats
155 creatures vanquished.

Notes
Turn   | Place    | Note
-------+----------+-------------------------------------------
     0 | D:1      | FIREandBLOOD the Barachi Fighter began the quest for the
                  | Orb.
     0 | D:1      | Reached XP level 1. HP: 18/18 MP: 1/1
   187 | D:1      | Reached XP level 2. HP: 18/25 MP: 2/2
   402 | D:1      | Reached skill level 3 in Long Blades
   599 | D:1      | Found Icoroy's Assorted Antiques.
   605 | D:1      | Bought a fizzy red potion for 24 gold pieces
   730 | D:1      | Reached XP level 3. HP: 30/30 MP: 3/3
  1228 | D:2      | Reached XP level 4. HP: 37/37 MP: 4/4
  1298 | D:2      | Found a faded altar of an unknown god.
  1737 | D:3      | Reached skill level 4 in Long Blades
  2021 | D:3      | Reached XP level 5. HP: 33/43 MP: 5/5
  2241 | D:3      | Identified the +3 leather armour of the Skies Above {-Tele
                  | rF+ Stlth+}
  2462 | D:3      | Found Xoab's Book Shop.
  2855 | D:3      | Reached skill level 1 in Evocations
  3114 | D:3      | Reached XP level 6. HP: 50/50 MP: 6/6
  3494 | D:4      | Noticed a black bear
  3567 | D:4      | Reached skill level 5 in Armour
  3572 | D:4      | Reached skill level 5 in Long Blades
  3750 | D:4      | Reached skill level 5 in Fighting
  3760 | D:4      | Killed a black bear
  3865 | D:4      | Noticed a sky beast
  3872 | D:4      | Reached skill level 6 in Long Blades
  3872 | D:4      | Reached XP level 7. HP: 56/56 MP: 7/7
  4208 | D:4      | Found a staircase to the Ecumenical Temple.
  4226 | Temple   | Entered the Ecumenical Temple
  4251 | Temple   | Became a worshipper of Vehumet
  4406 | D:4      | Found the +6 shillelagh "Devastator" {shatter}
  4539 | D:5      | Entered Level 5 of the Dungeon
  4551 | D:5      | Reached skill level 7 in Long Blades
  4773 | D:5      | Reached skill level 1 in Spellcasting
  4773 | D:5      | Reached XP level 8. HP: 62/62 MP: 7/9
  4917 | D:5      | Reached skill level 5 in Evocations
  5298 | D:5      | Reached skill level 8 in Long Blades
  5480 | D:5      | Reached * piety under Vehumet
  5480 | D:5      | Offered knowledge of Freeze by Vehumet.
  6017 | D:5      | Learned a level 1 spell: Freeze
  6157 | D:6      | Reached skill level 9 in Long Blades
  6157 | D:6      | Reached skill level 1 in Dodging
  6157 | D:6      | Reached skill level 1 in Ice Magic
  6320 | D:6      | Reached XP level 9. HP: 64/68 MP: 15/15
  7526 | D:7      | Found Paugiam's Book Shop.
  7821 | D:7      | Upgraded the game from 0.31-a0-978-g1e143483b6 to
                  | 0.31-a0-981-geadf994542
  7829 | D:7      | Reached skill level 10 in Long Blades
  8094 | D:7      | Offered knowledge of Poisonous Vapours by Vehumet.
  8106 | D:7      | Reached ** piety under Vehumet
  8121 | D:7      | Slain by an ice beast

Illustrated notes

Levels and vault maps discovered:
D:1:      minmay_arrival_doors, layout_basic, serial_shops,
          nicolae_shop_back_alley_shop
D:2:      layout_basic, basic_ecumenical_altar
D:3:      layout_basic, serial_shops, nicolae_shop_gibbet_a_chance,
          minmay_ruptured
D:4:      layout_rooms, minmay_temple_entry_mini_moons,
          dilly_guarded_unrand_devastator
D:5:      layout_loops_cross
D:6:      layout_gridville, dreamdust_gnoll_farm
D:7:      layout_loops_ring, serial_shops, shop, chequers_serial_rivers_micro_b,
          skrybe_limestone_x, st_stairs_5, minmay_diced_spiral
Temple:   grunt_wide_crystal_templ

Skill      XL: |  1  2  3  4  5  6  7  8  9 |
---------------+----------------------------+-----
Long Blades    | 3 4 6 7 9 10 | 10.5
Fighting       | 4 5 |  5.0
Armour         | 4 5 |  5.0
Shields        | 4 |  4.0
Evocations     | 1 3 4 5 |  5.0
Spellcasting   | 1 4 |  4.2
Dodging        | 1 4 |  4.8
Ice Magic      | 1 4 |  4.0

Action                     |  1- 3 |  4- 6 |  7- 9 || total
---------------------------+-------+-------+-------++-------
  Melee: Long sword        |    92 |   183 |   409 ||   684
Ability: Hop               |       |     1 |     1 ||     2
  Evoke: Wand              |       |     2 |     8 ||    10
    Use: Scroll            |       |     6 |     2 ||     8
         Potion            |       |       |     3 ||     3
   Stab: Invisible         |       |     1 |       ||     1
 Armour: Scale mail        |    47 |   118 |   283 ||   448
         Skin              |       |       |    39 ||    39
  Dodge: Dodged            |    47 |    71 |   166 ||   284
  Block: Buckler           |    12 |    34 |    85 ||   131

Table legend: (Time is in decaauts)
 A = Elapsed time spent in this place.
 B = Non-inter-level travel time spent in this place.
 C = Inter-level travel time spent in this place.
 D = Time resting spent in this place.
 E = Time spent auto-exploring this place.
 F = Levels seen in this place.
 G = Mean time per level.
                   A        B        C        D        E       F      G
               +--------+--------+--------+--------+--------+-----+--------+
         Total |   9076 |   8680 |    396 |   2458 |   3009 |   8 | 1134.5 |
       Dungeon |   9035 |   8639 |    396 |   2458 |   3009 |   7 | 1290.7 |
        Temple |     41 |     41 |      0 |      0 |      0 |   1 |   41.0 |
               +--------+--------+--------+--------+--------+-----+--------+

Top non-repeatable levels by time:
     D:3: 2020 daAuts
     D:5: 1682 daAuts
     D:6: 1360 daAuts
     D:4: 1158 daAuts
     D:2: 1035 daAuts
     D:1: 1022 daAuts
     D:7: 755 daAuts
  Temple: 41 daAuts
